 Dungeon Crawl Stone Soup version 0.28.0-43-g3370ac3207 (webtiles) character file.

Game seed: 1114588730841009869

36 themarg the Insei (level 3, 0/28 HPs)
             Began as a Gnoll Transmuter on Mar 25, 2022.
             Slain by an adder (4 damage)
             ... on level 2 of the Dungeon.
             The game lasted 00:04:25 (1348 turns).

themarg the Insei (Gnoll Transmuter)                Turns: 1348, Time: 00:04:26

Health: 0/28       AC:  3    Str:  9    XL:     3   Next: 37%
Magic:  9/9        EV: 16    Int: 14    God:
Gold:   38         SH:  0    Dex: 12    Spells: 9/12 levels left

rFire   . . .      SeeInvis .   e - +0 hand axe
rCold   . . .      Faith    .   (no shield)
rNeg    . . .      Spirit   .   d - +0 leather armour
rPois   +          Reflect  .   (no helmet)
rElec   .          Harm     .   (no cloak)
rCorr   .          Rampage  .   (no gloves)
Will    .....                   (no boots)
Stlth   +.........              n - amulet of magic regeneration
HPRegen 0.09/turn               c - ring of poison resistance
MPRegen 0.51/turn               k - +4 ring of evasion

@: wereblooded
A: fangs 1, strong nose, distributed training
a: no special abilities


You were on level 2 of the Dungeon.
You visited 1 branch of the dungeon, and saw 2 of its levels.

You collected 38 gold pieces.

Inventory:

Hand Weapons
 e - a +0 hand axe (weapon)
Missiles
 b - 24 sling bullets
 h - 38 stones
 j - 6 silver javelins
 m - 6 poisoned darts
Armour
 a - a +0 robe
 d - a +0 leather armour (worn)
Jewellery
 c - a ring of poison resistance (left hand)
 k - a +4 ring of evasion (right hand)
 n - an amulet of magic regeneration (around neck)
Scrolls
 f - a scroll of summoning {unknown}
 g - 2 scrolls of fear {unknown}
 i - a scroll of identify {unknown}
 l - a scroll of teleportation {unknown}
Potions
 o - a potion of lignification {unknown}


   Skills:
 + Level 2.6 Fighting
 + Level 0.7 Short Blades
 + Level 0.7 Long Blades
 + Level 0.7 Axes
 + Level 0.7 Maces & Flails
 + Level 0.7 Polearms
 + Level 0.7 Staves
 + Level 0.7 Slings
 + Level 0.7 Bows
 + Level 0.7 Crossbows
 + Level 0.7 Throwing
 + Level 0.7 Armour
 + Level 4.5 Dodging
 + Level 0.7 Stealth
 + Level 0.7 Shields
 + Level 6.5 Unarmed Combat
 + Level 5.0 Spellcasting
 + Level 0.5 Conjurations
 + Level 0.5 Hexes
 + Level 0.5 Summonings
 + Level 0.5 Necromancy
 + Level 0.5 Translocations
 + Level 3.7 Transmutations
 + Level 0.5 Fire Magic
 + Level 0.5 Ice Magic
 + Level 0.5 Air Magic
 + Level 0.5 Earth Magic
 + Level 0.5 Poison Magic
 + Level 0.9 Invocations
 + Level 0.7 Evocations


You had 9 spell levels left.
You knew the following spells:

 Your Spells              Type           Power      Damage    Failure   Level
a - Beastly Appendage     Tmut           28%        N/A       4%          1
b - Wereblood             Tmut           14%        N/A       8%          2

Your spell library contained the following spells:

 Spells                   Type           Power      Damage    Failure   Level
 Spider Form              Tmut/Pois      9%         N/A       30%         3
 Ice Form                 Ice/Tmut       9%         N/A       69%         4


Dungeon Overview and Level Annotations

Branches:
Dungeon (2/15)

Altars:


Innate Abilities, Weirdness & Mutations

You have very sharp teeth.
Your uncanny sense of smell can sniff out nearby items.
Your experience applies equally to all skills.


Message History

The adder is lightly wounded.
The adder bites you. The adder bites you but does no damage.
You miss the adder. Your bite misses the adder.
The adder is lightly wounded.
The adder barely misses you. The adder misses you.
You miss the adder.
The adder is lightly wounded.
The adder bites you but does no damage.
You miss the adder. Your bite misses the adder.
The adder is lightly wounded.
The adder barely misses you. The adder misses you.
You miss the adder. Your bite misses the adder.
The adder is lightly wounded.
The adder barely misses you.
You closely miss the adder.
The adder is lightly wounded.
The adder closely misses you. The adder completely misses you.
You closely miss the adder.
The adder is lightly wounded.
The adder bites you. The adder misses you.
Casting: Beastly Appendage (safe; 4% risk of failure)
Confirm with . or Enter, or press ? or * to list all spells.
Your blood is infused with primal strength.
The adder closely misses you.
You miss the adder.
The adder is lightly wounded.
The adder bites you. The adder barely misses you.
You barely miss the adder. The adder closely misses you.
You barely miss the adder. The adder bites you. x2
* * * LOW HITPOINT WARNING * * *
You barely miss the adder. You bite the adder, but do no damage.
The adder bites you.
* * * LOW HITPOINT WARNING * * *
The adder misses you.
You hit the adder but do no damage. You bite the adder, but do no damage.
The adder misses you.
You completely miss the adder. The adder bites you.
* * * LOW HITPOINT WARNING * * *
The adder bites you.
You die...

#.............#.#
#.....####.##.#.##
#.....# #.# ....#
#.....# #.## ....
##...## #.......##
##.## ####.#.####J..
##...## #..........
##.....## #S#
#.......# ##@##
#.......# ##...##
#.......# ##.....##
##.....## ##.......##
##.....####.........#
##.......'.†.......+
##...####.........#
##..# ##.........#
##.# ##.....##.#


You could see an adder.

Vanquished Creatures
  A dart slug (D:1)
  2 ball pythons
  4 endoplasms (D:1)
  2 giant cockroaches (D:2)
  5 goblins
  4 jackals (D:1)
  3 kobolds
  A quokka (D:1)
  A bat (D:1)
  3 frilled lizards
  7 rats
33 creatures vanquished.

Notes
Turn   | Place    | Note
-------+----------+-------------------------------------------
     0 | D:1      | themarg the Gnoll Transmuter began the quest for the Orb.
     0 | D:1      | Reached XP level 1. HP: 17/17 MP: 6/6
   218 | D:1      | Reached XP level 2. HP: 22/23 MP: 5/7
   587 | D:1      | Reached XP level 3. HP: 24/28 MP: 9/9
   768 | D:1      | Reached skill level 5 in Spellcasting
   777 | D:1      | Found a faded altar of an unknown god.
   991 | D:1      | Learned a level 2 spell: Wereblood
  1348 | D:2      | Slain by an adder

Illustrated notes

Levels and vault maps discovered:
D:1:      dpeg_arrival_triangle_fractal, layout_rooms, serial_forest,
          infiniplex_forest_clump_curved, infiniplex_forest_end_2,
          infiniplex_forest_straight_3, infiniplex_forest_lined_room_,
          infiniplex_forest_clump_cross, infiniplex_forest_straight_2,
          infiniplex_forest_end_1, hellmonk_ecumenical_altar_blasted
D:2:      layout_loops_corners, minmay_misc_feat_square

Skill      XL: |  1  2  3 |
---------------+----------+-----
Spellcasting   | 5 |  5.0
Fighting       | |  2.6
Short Blades   | |  0.7
Long Blades    | |  0.7
Axes           | |  0.7
Maces & Flails | |  0.7
Polearms       | |  0.7
Staves         | |  0.7
Slings         | |  0.7
Bows           | |  0.7
Crossbows      | |  0.7
Throwing       | |  0.7
Armour         | |  0.7
Dodging        | |  4.5
Stealth        | |  0.7
Shields        | |  0.7
Unarmed Combat | |  6.5
Conjurations   | |  0.5
Hexes          | |  0.5
Summonings     | |  0.5
Necromancy     | |  0.5
Translocations | |  0.5
Transmutations | |  3.7
Fire Magic     | |  0.5
Ice Magic      | |  0.5
Air Magic      | |  0.5
Earth Magic    | |  0.5
Poison Magic   | |  0.5
Invocations    | |  0.9
Evocations     | |  0.7

Action                   || total
-------------------------++-------
Melee: Hand axe          ||    85
       Unarmed           ||     3
       Kick              ||    19
       Bite              ||    11
       Headbutt          ||     5
       Punch             ||     3
 Cast: Beastly Appendage ||    21
       Wereblood         ||     1
Armor: Leather armour    ||    23
Dodge: Dodged            ||    71
